 Dungeon Crawl Stone Soup version 0.25-b1-37-g2669288c55 (webtiles) character file.

Game seed: 5044564402032963131

70 Chiseanne the Magician (level 4, -2/30 HPs)
             Began as a Demonspawn Wizard on June 6, 2020.
             Killed by divine providence
             ... invoked by an orc priest
              (12 damage)
             ... on level 3 of the Dungeon.
             The game lasted 00:05:57 (2215 turns).

Chiseanne the Magician (Demonspawn Wizard)          Turns: 2215, Time: 00:05:58

Health: -2/30      AC:  5    Str:  8    XL:     4   Next: 4%
Magic:  0/9        EV: 12    Int: 20    God:
Gold:   106        SH:  0    Dex: 11    Spells: 4/10 levels left

rFire    . . .     SeeInvis .   k - +0 short sword
rCold    . . .     Gourm    .   (no shield)
rNeg     . . .     Faith    .   a - +0 robe
rPois    .         Spirit   .   b - +0 hat
rElec    .         Reflect  .   (no cloak)
rCorr    .         Harm     .   h - +0 pair of gloves
MR       .....                  (no boots)
Stlth    ++........             (no amulet)
HPRegen  0.10/turn              (no ring)
MPRegen  0.11/turn              (no ring)

@: mighty, very slightly contaminated, hasted, very quick
A: claws 1, iridescent scales 1
a: no special abilities


You were on level 3 of the Dungeon.
You were hungry.

You visited 1 branch of the dungeon, and saw 3 of its levels.

You collected 106 gold pieces.

Inventory:

Hand Weapons
 k - a +0 short sword (weapon)
Missiles
 f - 14 arrows
 g - 15 poisoned darts (quivered)
 m - 21 sling bullets
Armour
 a - a +0 robe (worn)
 b - a +0 hat (worn)
 h - a +0 pair of gloves (worn)
Jewellery
 o - a +6 ring of strength {unknown}
Scrolls
 e - a scroll of remove curse
Potions
 i - a potion of magic {unknown}
 j - a potion of haste
 l - a potion of mutation {unknown}
 n - a potion of curing {unknown}
Comestibles
 d - 4 rations


   Skills:
 - Level 1.7 Dodging
 - Level 1.7 Stealth
 * Level 3.9 Spellcasting
 * Level 2.8 Conjurations
   Level 1.0 Summonings
 - Level 0.8 Translocations
 * Level 0.2 Air Magic


You had 4 spell levels left.
You knew the following spells:

 Your Spells              Type           Power        Failure   Level  Hunger
a - Magic Dart            Conj           ###.         4%          1    None
b - Blink                 Tloc           N/A          14%         2    ##.....
d - Mephitic Cloud        Conj/Pois/Air  #.......     26%         3    ###....

Your spell library contained the following spells:

 Spells                   Type           Power        Failure   Level  Hunger
 Call Imp                 Summ           #.......     13%         2    ##.....
 Slow                     Hex            #.......     21%         2    ##.....
 Conjure Flame            Conj/Fire      #.......     22%         3    ###....


Dungeon Overview and Level Annotations

Branches:
Dungeon (3/15)

Altars:


Innate Abilities, Weirdness & Mutations

You have sharp fingernails.
You are partially covered in iridescent scales. (AC +2)


Message History

You don't have enough magic to cast that spell.
Casting: Magic Dart (safe; 4% risk of failure)
Confirm with . or Enter, or press ? or * to list all spells.
You don't have enough magic to cast that spell.
You aren't carrying any items that you can evoke.
Okay, then.
Unknown command.
You feel very mighty all of a sudden. Something barely misses you.
You closely miss something.
You hear some strange, mumbled words.
Something tries to affect you, but you resist.
You miss something. Something barely misses you.
The orc priest calls down the wrath of Beogh upon you.
Beogh smites you!
It was a potion of haste.
You feel yourself speed up. Something hits you but does no damage.
The orc priest invokes the aid of Beogh against you.
Beogh smites you!
You die...

#....)# #....$#
...).## #. #...###
#. #o...# ####.
#o##.# #.#..#####o#
# .... ..##{#
###..##.##@## ##
#.....#.##..#..#
#.#...#..#.#
#..##..#.#.#
##..##..>#.# ##.#
#..#.########## #.#
#.............#
#.####.........รท..#
#.....#........<..#


You could see an orc priest, an orc wizard (fast) and an orc.

Vanquished Creatures
  A gnoll (D:2)
  An ooze (D:1)
  3 dart slugs (D:1)
  2 leopard geckos
  2 orcs (D:3)
  A ball python (D:1)
  2 giant cockroaches (D:1)
  3 goblins (D:1)
  7 hobgoblins
  7 jackals
  5 kobolds
  3 bats
  A frilled lizard (D:3)
  4 rats (D:1)
42 creatures vanquished.

Notes
Turn   | Place    | Note
-------+----------+-------------------------------------------
     0 | D:1      | Chiseanne the Demonspawn Wizard began the quest for the
                  | Orb.
     0 | D:1      | Reached XP level 1. HP: 13/13 MP: 4/4
     3 | D:1      | Noticed an electric eel
     3 | D:1      | Noticed an electric eel
   395 | D:1      | Gained mutation: You are partially covered in iridescent
                  | scales. (AC +2) [demonic ancestry]
   395 | D:1      | Reached XP level 2. HP: 7/19 MP: 1/6
   930 | D:2      | Reached XP level 3. HP: 6/24 MP: 0/8
  1502 | D:1      | Learned a level 2 spell: Blink
  1506 | D:1      | Learned a level 3 spell: Mephitic Cloud
  2105 | D:3      | Gained mutation: You have sharp fingernails. [demonic
                  | ancestry]
  2105 | D:3      | Reached XP level 4. HP: 25/30 MP: 0/9
  2215 | D:3      | Killed from afar by an orc priest

Illustrated notes

Levels and vault maps discovered:
D:1:      arrival_aquarium_b, layout_loops_ring, minmay_unequal
D:2:      layout_basic, tso_metal_star
D:3:      layout_rooms, first_ration, makhleb_blood_cavern_becter

Skill      XL: |  1  2 |
---------------+-------+-----
Conjurations   | 2 |  2.8
Dodging        | |  1.7
Stealth        | |  1.7
Spellcasting   | |  3.9
Summonings     | |  1.0
Translocations | |  0.8
Air Magic      | |  0.2

Action                   |  1- 3 |  4- 6 || total
-------------------------+-------+-------++-------
Melee: Unarmed           |    14 |       ||    14
       Short sword       |    39 |     5 ||    44
       Whip              |     9 |       ||     9
 Cast: Magic Dart        |   101 |    12 ||   113
  Use: Scroll            |     3 |       ||     3
       Potion            |       |     2 ||     2
 Stab: Sleeping          |     1 |       ||     1
  Eat: Chunk             |     3 |       ||     3
Armor: Robe              |    22 |     1 ||    23
Dodge: Dodged            |    58 |     5 ||    63
